 Dungeon Crawl Stone Soup version 0.30-a0-29-g142975f185 (webtiles) character file.

Game seed: 1002767645517519084

357 Newt the Chopper (level 6, 0/48 HPs)
             Began as a Demonspawn Gladiator on Aug 26, 2022.
             Slain by an iguana (9 damage)
             ... on level 4 of the Dungeon.
             The game lasted 00:04:08 (4445 turns).

Newt the Chopper (Demonspawn Gladiator)             Turns: 4445, Time: 00:04:09

Health: 0/48       AC:  5    Str: 16    XL:     6   Next: 36%
Magic:  6/6        EV: 12    Int: 10    God:
Gold:   265        SH:  0    Dex: 14    Spells: 5/5 levels left

rFire   . . .      SeeInvis .    g - +1 hand axe (vorpal)
rCold   . . .      Faith    .    (no shield)
rNeg    . . .      Spirit   .    b - +1 leather armour
rPois   .          Reflect  .    c - +0 helmet
rElec   .          Harm     .    (no cloak)
rCorr   .          Rampage  .    (no gloves)
Will    .....                    (no boots)
Stlth   ++........               (no amulet)
HPRegen 0.16/turn                (no ring)
MPRegen 0.10/turn                (no ring)

@: no status effects
A: powered by pain 2, demonic touch 1
a: no special abilities


You were on level 4 of the Dungeon.
You visited 1 branch of the dungeon, and saw 4 of its levels.

You collected 265 gold pieces.

Inventory:

Hand Weapons
 a - a +0 rapier
 g - a +1 vorpal hand axe (weapon)
Missiles
 d - 3 throwing nets (quivered)
 e - 5 javelins
 o - 5 boomerangs
 t - 3 poisoned darts
Armour
 b - a +1 leather armour (worn)
 c - a +0 helmet (worn)
Jewellery
 h - a ring of ice
 q - a ring of flight
 w - a +4 ring of evasion
Wands
 p - a wand of quicksilver (2)
Scrolls
 n - 2 scrolls of enchant armour
 r - a scroll of teleportation
 y - a scroll of magic mapping
 z - a scroll of immolation
Potions
 f - a potion of degeneration {unknown}
 i - 2 potions of curing
 j - 2 potions of ambrosia
 k - a potion of flight {unknown}
 l - 2 potions of mutation {unknown}
 m - 2 potions of might {unknown}
 s - 2 potions of magic {unknown}
 u - 4 potions of heal wounds {unknown}
 v - 2 potions of lignification {unknown}
 x - a potion of brilliance {unknown}


   Skills:
 - Level 4.0 Fighting
 - Level 2.6 Short Blades
 + Level 4.4 Axes
 - Level 1.7 Throwing
 - Level 2.6 Dodging
 - Level 2.0 Stealth


You had 5 spell levels left.
You didn't know any spells.
Your spell library contained the following spells:

 Spells                   Type           Power      Damage    Failure   Level
 Scorch                   Fire           0%         2d5       56%         2
 Flame Wave               Conj/Fire      0%         2d4       99%         4
 Summon Cactus Giant      Summ           0%         N/A       100%        6


Dungeon Overview and Level Annotations

Branches:
Dungeon (4/15)
 Temple: D:4-7

Altars:
Dithmenos
Ru
Wu Jian


Innate Abilities, Weirdness & Mutations

You sometimes gain power by taking damage.
Your touch may inflict minor irresistible damage on your foes.


Message History

You hit the iguana but do no damage. The iguana bites you!
You barely miss the iguana. The iguana closely misses you.
The adder completely misses you.
You hit the iguana but do no damage. You barely miss the adder.
The adder barely misses you. The iguana bites you!
You barely miss the iguana. Your touch misses the iguana. You hit the adder.
The adder misses you. The iguana closely misses you. The adder bites you.
You closely miss the adder.
The adder is severely wounded.
You barely miss the iguana. The iguana closely misses you. The adder bites you.
You barely miss the adder.
The adder is severely wounded.
You barely miss the iguana. The adder bites you but does no damage.
The iguana closely misses you.
You slash the adder!
You kill the adder!
You completely miss the iguana. The iguana bites you.
You hit the iguana but do no damage.
The iguana bites you but does no damage.
You hit the iguana. Your punch misses the iguana.
The iguana is heavily wounded.
The iguana bites you. The iguana bites you!
* * * LOW HITPOINT WARNING * * *
You are too injured to fight recklessly!
You are too injured to fight recklessly!
You are too injured to fight recklessly!
You are too injured to fight recklessly!
You are too injured to fight recklessly!
You are too injured to fight recklessly!
You are too injured to fight recklessly!
You are too injured to fight recklessly!
You are too injured to fight recklessly!
You are too injured to fight recklessly!
Unknown command.
The iguana bites you.
* * * LOW HITPOINT WARNING * * *
You hit the iguana.
The iguana is severely wounded.
The iguana bites you!
You die...

############
#..........#
#..........#
#..........#
#..........#
#..........#
#.....l@...#
#..........#
######..###...#
#..# ... #..# .
#..#
#..#.......########
#..##.............<
#..#.......####...)


You could see an iguana.

Vanquished Creatures
  An ogre (D:3)
  An iguana (D:4)
  Robin (D:4)
  4 gnolls
  7 adders
  7 dart slugs
  An orc (D:4)
  10 ball pythons
  8 bats
  10 endoplasms
  2 giant cockroaches (D:1)
  12 goblins
  10 hobgoblins
  7 jackals
  8 kobolds
  4 quokkas
  5 frilled lizards
  9 rats
107 creatures vanquished.

Vanquished Creatures (collateral kills)
  An adder (D:3)
1 creature vanquished.

Grand Total: 108 creatures vanquished

Notes
Turn   | Place    | Note
-------+----------+-------------------------------------------
     0 | D:1      | Newt the Demonspawn Gladiator began the quest for the Orb.
     0 | D:1      | Reached XP level 1. HP: 16/16 MP: 1/1
   119 | D:1      | Reached skill level 1 in Stealth
   166 | D:1      | Gained mutation: Your touch may inflict minor irresistible
                  | damage on your foes. [demonic ancestry]
   166 | D:1      | Reached XP level 2. HP: 21/22 MP: 2/2
   364 | D:1      | Reached skill level 1 in Axes
   495 | D:1      | Gained mutation: You sometimes gain a little power by
                  | taking damage. [demonic ancestry]
   495 | D:1      | Reached XP level 3. HP: 27/27 MP: 3/3
  1493 | D:2      | Reached XP level 4. HP: 22/33 MP: 4/4
  2490 | D:3      | Found an ornate altar of the Wu Jian Council.
  2974 | D:3      | Gained mutation: You sometimes gain power by taking damage.
                  | [demonic ancestry]
  2974 | D:3      | Reached XP level 5. HP: 38/38 MP: 5/5
  3095 | D:3      | Found a shadowy altar of Dithmenos.
  3104 | D:3      | Found a sacrificial altar of Ru.
  3152 | D:3      | Noticed an ogre
  3157 | D:3      | Killed an ogre
  3537 | D:4      | Reached XP level 6. HP: 13/46 MP: 6/6
  3839 | D:4      | Noticed Robin
  3851 | D:4      | Killed Robin
  4445 | D:4      | Slain by an iguana

Illustrated notes

Levels and vault maps discovered:
D:1:      minmay_arrival_split_and_join, layout_basic, serial_aquarium,
          aquarium_bridge_square [aquarium_subvault_bridge,
          aquarium_subvault_bridge, aquarium_subvault_bridge,
          aquarium_subvault_bridge], aquarium_bridge_long_separate
          [aquarium_subvault_window, aquarium_subvault_bridge,
          aquarium_subvault_bridge, aquarium_subvault_bridge,
          aquarium_subvault_bridge, aquarium_subvault_balcony],
          aquarium_window_1, aquarium_window_corridor_3, aquarium_window_fake,
          aquarium_window_corner, aquarium_view_2b, aquarium_view_2d,
          chequers_hall_statues_wall_a, minmay_misc_feat_secret_circle
D:2:      minmay_chambers_of_ones, layout_basic, st_stairs_5,
          grunt_ministairs_2, minmay_pentomino_r4
D:3:      layout_loops_ring, mainiacjoe_overflow_cross_hatched,
          grunt_temple_overflow_diamond
D:4:      layout_rooms, uniq_robin

Skill      XL: |  1  2  3  4  5  6 |
---------------+-------------------+-----
Stealth        | 1 2 |  2.0
Axes           | 1 2 3 4 |  4.4
Fighting       | 3 4 |  4.0
Short Blades   | |  2.6
Throwing       | |  1.7
Dodging        | |  2.6

Action                   |  1- 3 |  4- 6 || total
-------------------------+-------+-------++-------
Melee: Hand axe          |    85 |   115 ||   200
       Touch             |     7 |    16 ||    23
       Punch             |     1 |     1 ||     2
  Use: Scroll            |     3 |     8 ||    11
 Stab: Sleeping          |    10 |     4 ||    14
Armor: Leather armour    |    33 |    33 ||    66
Dodge: Dodged            |    55 |    63 ||   118

Table legend: (Time is in decaauts)
 A = Elapsed time spent in this place.
 B = Non-inter-level travel time spent in this place.
 C = Inter-level travel time spent in this place.
 D = Time resting spent in this place.
 E = Time spent auto-exploring this place.
 F = Levels seen in this place.
 G = Mean time per level.
                   A        B        C        D        E       F      G
               +--------+--------+--------+--------+--------+-----+--------+
         Total |   4478 |   4351 |    127 |    683 |   3041 |   4 | 1119.5 |
       Dungeon |   4478 |   4351 |    127 |    683 |   3041 |   4 | 1119.5 |
               +--------+--------+--------+--------+--------+-----+--------+

Top non-repeatable levels by time:
     D:2: 1232 daAuts
     D:3: 1169 daAuts
     D:1: 1133 daAuts
     D:4: 943 daAuts
